 Dungeon Crawl Stone Soup version 0.22-b1-26-g9dbaab1 (webtiles) character file.

907 Lew the Chopper (level 7, -2/56 HPs)
             Began as a Demonspawn Gladiator on Aug 7, 2018.
             Slain by Dowan
             ... wielding a +1 dagger of electrocution
              (18 damage)
             ... on level 5 of the Dungeon.
             The game lasted 00:12:14 (3510 turns).

Lew the Chopper (Demonspawn Gladiator)              Turns: 3510, Time: 00:12:15

Health: -2/56      AC:  6    Str: 16    XL:     7   Next: 81%
Magic:  7/7        EV: 13    Int:  9    God:
Gold:   239        SH:  0    Dex: 15    Spells: 6/6 levels left

rFire    . . .     SeeInvis .   a - +0 war axe
rCold    . . .     Gourm    .   (no shield)
rNeg     . . .     Faith    +   b - +0 leather armour
rPois    .         Spirit   .   c - +2 helmet
rElec    .         Reflect  .   (no cloak)
rCorr    .         Harm     .   (no gloves)
MR       .....                  (no boots)
Stlth    +.........             j - amulet of faith
HPRegen  0.18/turn              (no ring)
MPRegen  0.10/turn              (no ring)

@: about to teleport
A: claws 1, hooves 2
a: no special abilities


You were on level 5 of the Dungeon.
You were not hungry.

You visited 1 branch of the dungeon, and saw 5 of its levels.

You collected 239 gold pieces.

Inventory:

Hand Weapons
 a - a +0 war axe (weapon)
Missiles
 d - 3 throwing nets (quivered)
Armour
 b - a +0 leather armour (worn)
 c - a +2 helmet (worn)
Jewellery
 j - an amulet of faith (around neck)
 k - an uncursed amulet of the gourmand
Scrolls
 e - 2 scrolls of amnesia
 h - 3 scrolls of remove curse
 i - a scroll of teleportation
 l - a scroll of magic mapping {unknown}
 n - 2 scrolls of identify {unknown}
 o - a scroll of blinking {unknown}
Potions
 g - a potion of ambrosia {unknown}
 m - 2 potions of brilliance
 q - a potion of magic {unknown}
Comestibles
 f - 11 rations


   Skills:
 + Level 5.4 Fighting
 * Level 7.3 Axes
 - Level 1.7 Throwing
 - Level 2.6 Dodging


You had 6 spell levels left.
You didn't know any spells.
Your spell library was empty.

Dungeon Overview and Level Annotations

Branches:
Dungeon (5/15)
 Temple: D:4-7

Altars:
Xom

Annotations:
D:5 Dowan


Innate Abilities, Weirdness & Mutations

You have sharp fingernails.
You have hoof-like feet.


Message History

You are too injured to fight recklessly!
You are too injured to fight recklessly!
You are too injured to fight recklessly!
You are too injured to fight recklessly!
You hit Duvessa but do no damage.
Duvessa is almost dead.
Duvessa closely misses you.
You slash Duvessa!
You kill Duvessa!
You hear a distant wail of despair.
Dowan, Brother of Duvessa comes into view.
He is wielding a dagger of electrocution.
Dowan seems to find hidden reserves of power!
As you read the scroll of teleportation, it crumbles to dust.
You feel strangely unstable.
Dowan points at you and mumbles some strange words.
The shard of ice misses you.
Dowan hits you with a dagger of electrocution.
* * * LOW HITPOINT WARNING * * *
You are electrocuted!
You die...

....# .... ...#
...# ##..# ##..#
#e).# ##@.#
##..## #...#
##..## ##..##
#.(.# ##..## #
##...# ####..
#...######......


You could see Dowan.

Vanquished Creatures
  Duvessa (D:5)
  An ice beast (D:5)
  3 ogres (D:4)
  A scorpion (D:4)
  A hound (D:4)
  An iguana (D:4)
  2 orc priests
  An orc wizard (D:4)
  A worker ant (D:4)
  6 adders
  2 oozes
  3 worms (D:2)
  2 dart slugs
  6 leopard geckos
  15 orcs
  A ball python (D:4)
  6 bats
  14 giant cockroaches (D:3)
  9 goblins
  16 hobgoblins
  14 jackals
  11 kobolds
  4 quokkas
  5 frilled lizards
  A giant cockroach zombie (D:5)
  A leopard gecko zombie (D:5)
  8 rats
136 creatures vanquished.

Notes
Turn   | Place    | Note
-------+----------+-------------------------------------------
     0 | D:1      | Lew the Demonspawn Gladiator began the quest for the Orb.
     0 | D:1      | Reached XP level 1. HP: 16/16 MP: 1/1
    18 | D:1      | Reached skill level 3 in Axes
    40 | D:1      | Gained mutation: You have large cloven feet. [demonic ancestry]
    40 | D:1      | Reached XP level 2. HP: 14/22 MP: 2/2
   327 | D:1      | Reached XP level 3. HP: 15/28 MP: 3/3
   890 | D:2      | Reached skill level 4 in Axes
   890 | D:2      | Gained mutation: You have hoof-like feet. [demonic ancestry]
   890 | D:2      | Reached XP level 4. HP: 22/34 MP: 4/4
  1673 | D:3      | Gained mutation: You have sharp fingernails. [demonic ancestry]
  1673 | D:3      | Reached XP level 5. HP: 5/41 MP: 5/5
  2383 | D:3      | Reached skill level 5 in Axes
  2584 | D:4      | Noticed an ogre
  2602 | D:4      | Killed an ogre
  2602 | D:4      | Reached XP level 6. HP: 6/48 MP: 6/6
  2924 | D:4      | Reached skill level 6 in Axes
  2991 | D:4      | Reached XP level 7. HP: 50/55 MP: 7/7
  3241 | D:4      | Found a shimmering altar of Xom.
  3299 | D:4      | Reached skill level 5 in Fighting
  3413 | D:5      | Entered Level 5 of the Dungeon
  3432 | D:5      | Reached skill level 7 in Axes
  3497 | D:5      | Noticed Duvessa
  3507 | D:5      | Killed Duvessa
  3507 | D:5      | Noticed Dowan
  3510 | D:5      | Slain by Dowan

Skill      XL: |  1  2  3  4  5  6  7 |
---------------+----------------------+-----
Axes           | 3 4 5 6 7 |  7.3
Fighting       | 3 4 5 |  5.4
Throwing       | |  1.7
Dodging        | |  2.6

Action                   |  1- 3 |  4- 6 |  7- 9 || total
-------------------------+-------+-------+-------++-------
Melee: War axe           |   112 |   178 |    76 ||   366
       Kick              |    24 |    42 |    19 ||    85
  Use: Scroll            |     2 |     4 |     1 ||     7
       Potion            |     2 |     1 |       ||     3
  Eat: Chunk             |       |     4 |       ||     4
       Ration            |       |     2 |       ||     2
Armor: Leather armour    |    30 |    59 |    15 ||   104
Dodge: Dodged            |    94 |   128 |    51 ||   273
